 Dungeon Crawl Stone Soup version 0.32-a0-933-ga8fa3634e4 (webtiles) character file.

Game seed: 2657148821330607285

410 hikkokomori the Apothecary (level 6, -2/51 HPs)
             Began as a Mountain Dwarf Alchemist on Apr 13, 2024.
             Slain by a mummy (17 damage)
             ... on level 4 of the Dungeon on Apr 14, 2024.
             The game lasted 00:07:30 (4172 turns).

hikkokomori the Apothecary (MDAl)                   Turns: 4172, Time: 00:07:31

Health: -2/51      AC:  4    Str: 13    XL:     6   Next: 58%
Magic:  6/10       EV: 10    Int: 15    God:
Gold:   157        SH:  0    Dex: 10    Spells: 3/11 levels left

rFire   . . .        g - +0 dagger
rCold   . . .        (no shield)
rNeg    + . .        a - +0 robe
rPois   .            h - +0 helmet
rElec   .            (no cloak)
rCorr   .            (no gloves)
SInv    .            r - +0 pair of boots
Will    .....        (no amulet)
Stlth   ++           d - ring of positive energy
HPRegen 0.28/turn    (no ring)
MPRegen 0.12/turn

%: no passive effects
@: no status effects
A: runic magic, artefact enchanting
a: no special abilities


You were on level 4 of the Dungeon.
You visited 1 branch of the dungeon, and saw 4 of its levels.

You collected 157 gold pieces.

Inventory:

Hand Weapons
 f - a +0 club
 g - a +0 dagger (weapon)
 t - a +0 war axe
Armour
 a - a +0 robe (worn)
 h - a +0 helmet (worn)
 r - a +0 pair of boots (worn)
Magical Staves
 m - a staff of earth
Jewellery
 d - a ring of positive energy (left hand)
Scrolls
 c - a scroll of enchant armour {unknown}
 k - 2 scrolls of fear {unknown}
 l - 3 scrolls of teleportation {unknown}
 n - a scroll of vulnerability {unknown}
 s - 2 scrolls of identify {unknown}
 w - a scroll of immolation {unknown}
Potions
 b - a potion of magic
 e - 5 potions of haste {unknown}
 i - a potion of ambrosia {unknown}
 j - 2 potions of curing {unknown}
 o - a potion of might {unknown}
 p - 2 potions of brilliance {unknown}
 q - a potion of mutation {unknown}
 u - a potion of enlightenment {unknown}
 v - a potion of lignification {unknown}


   Skills:
 + Level 3.2 Fighting
 + Level 1.0 Armour
 - Level 1.3 Dodging
 - Level 1.4 Stealth
 - Level 3.0 Spellcasting
 + Level 2.4 Conjurations
 + Level 1.7 Air Magic
 + Level 3.6 Alchemy


You had 3 spell levels left.
You knew the following spells:

 Your Spells              Type           Power      Damage    Failure   Level
a - Sting                 Conj/Alch      44%        1d5       6%          1
b - Mephitic Cloud        Conj/Alch/Air  10%        N/A       21%         3
c - Olgreb's Toxic Radia  Alch           13%        N/A       41%         4

Your spell library contained the following spells:

 Spells                   Type           Power      Damage    Failure   Level
 Mercury Vapours          Alch/Air       20%        N/A       10%         2
 Call Imp                 Summ           4%         N/A       30%         2
 Lesser Beckoning         Tloc           4%         N/A       30%         2
 Sublimation of Blood     Necr           2%         N/A       30%         2
 Frozen Ramparts          Ice            4%         1d1       52%         3
 Maxwell's Portable Pile  Tloc           2%         2d(5-14)  52%         3
 Ozocubu's Armour         Ice            2%         N/A       52%         3
 Teleport Other           Tloc           2%         N/A       52%         3
 Sticky Flame             Fire/Alch      7%         2d4       67%         4
 Metabolic Englaciation   Hex/Ice        1%         N/A       99%         5
 Summon Hydra             Summ           1%         N/A       100%        7


Dungeon Overview and Level Annotations

Branches:
Dungeon (4/15)
 Temple: D:4-7

Altars:
Fedhas
Sif Muna

Annotations:
D:3 2 runed translucent doors, tweeg707's ghost, amateur DjFE


Innate Abilities, Weirdness & Mutations

Your spellcasting is much less encumbered by armour.
You can use scrolls of enchantment on lesser artefacts.


Message History

You are too injured to fight recklessly!
You are too injured to fight recklessly!
You are too injured to fight recklessly!
You are too injured to fight recklessly!
You are too injured to fight recklessly!
You are too injured to fight recklessly!
You are too injured to fight recklessly!
You are too injured to fight recklessly!
You are too injured to fight recklessly!
You are too injured to fight recklessly!
You are too injured to fight recklessly!
You are too injured to fight recklessly!
You are too injured to fight recklessly!
You are too injured to fight recklessly!
You are too injured to fight recklessly!
You are too injured to fight recklessly!
You are too injured to fight recklessly!
You are too injured to fight recklessly!
You are too injured to fight recklessly!
You hit the mummy but do no damage.
The mummy is lightly damaged.
You barely miss the mummy.
The mummy is lightly damaged.
The mummy hits you!
You hit the mummy.
The mummy is moderately damaged.
You hit the mummy.
The mummy is heavily damaged.
The mummy barely misses you.
You hit the mummy but do no damage.
The mummy is heavily damaged.
The mummy hits you!
* * * LOW HITPOINT WARNING * * *
You barely miss the mummy.
The mummy is heavily damaged.
Your magical contamination has completely faded away.
You hit the mummy.
The mummy is heavily damaged.
The mummy hits you!
You die...

.................##
..................#
...................#
)....................
..................###
...............#.##
#..................
.......#.......######
#...#.###......#@M..#
....#.##....##....#.#
.......#....##....#
..##.........#.#..#
...#.......#.#.######
......#..###..........
.#....#### ##......###
##.....# ########
#......#


You could see a mummy.

Vanquished Creatures
  An ogre (D:4)
  A bombardier beetle (D:4)
  3 hounds
  An iguana (D:4)
  An orc wizard (D:4)
  6 adders
  A dart slug (D:3)
  8 orcs (D:4)
  7 endoplasms
  7 giant cockroaches
  10 goblins
  3 hobgoblins
  6 kobolds
  3 quokkas
  8 ball pythons
  9 bats
  4 frilled lizards
  2 hobgoblin zombies (D:4)
  2 kobold zombies (D:4)
  8 rats
91 creatures vanquished.

Notes
Turn   | Place    | Note
-------+----------+-------------------------------------------
     0 | D:1      | hikkokomori the Mountain Dwarf Alchemist began the quest
                  | for the Orb.
     0 | D:1      | Reached XP level 1. HP: 14/14 MP: 3/3
   326 | D:1      | Reached skill level 1 in Fighting
   326 | D:1      | Reached XP level 2. HP: 23/23 MP: 0/5
   475 | D:1      | You fall into a shaft and drop 1 floor!
   563 | D:2      | Reached XP level 3. HP: 23/28 MP: 1/6
   824 | D:1      | Learned a level 3 spell: Mephitic Cloud
   840 | D:1      | Found a faded altar of an unknown god.
   945 | D:1      | Upgraded the game from 0.32-a0-931-g5a2cda0630 to
                  | 0.32-a0-933-ga8fa3634e4
  1039 | D:1      | Reached skill level 1 in Conjurations
  1638 | D:2      | Reached XP level 4. HP: 36/36 MP: 5/7
  2082 | D:3      | Found a blossoming altar of Fedhas.
  2082 | D:3      | Found a shimmering blue altar of Sif Muna.
  2469 | D:3      | Reached XP level 5. HP: 28/42 MP: 1/9
  2480 | D:3      | Found a large runed translucent door.
  2497 | D:3      | Found a large runed translucent door.
  2585 | D:3      | Noticed tweeg707's ghost (amateur DjFE)
  3073 | D:4      | Reached skill level 1 in Air Magic
  3237 | D:4      | Noticed an ogre
  3251 | D:4      | Killed an ogre
  3274 | D:4      | Reached XP level 6. HP: 28/51 MP: 1/10
  3393 | D:4      | Learned a level 4 spell: Olgreb's Toxic Radiance
  3876 | D:4      | Reached skill level 1 in Armour
  4172 | D:4      | Slain by a mummy

Illustrated notes

Levels and vault maps discovered:
D:1:      onia_arrival_handbag, layout_loops_ring,
          shapermc_ecumenical_altar_pompeii
D:2:      layout_rooms
D:3:      layout_basic, gammafunk_temple_overflow_wave,
          ebering_ghost_disaster_area, palyth_stone_intersect
D:4:      layout_cave_pools, dk_noncrumbling_2, grunt_ministairs_12,
          kennysheep_big_empty_room, minmay_mini_ossuary

Skill      XL: |  1  2  3  4  5  6 |
---------------+-------------------+-----
Spellcasting   | 2 3 |  3.0
Fighting       | 1 2 3 |  3.2
Conjurations   | 1 2 |  2.4
Alchemy        | 3 |  3.6
Air Magic      | 1 |  1.7
Armour         | 1 |  1.0
Dodging        | |  1.3
Stealth        | |  1.4

Action                     |  1- 3 |  4- 6 || total
---------------------------+-------+-------++-------
  Melee: Unarmed           |     8 |       ||     8
         Punch             |     1 |       ||     1
         Dagger            |    17 |    94 ||   111
         Club              |     3 |       ||     3
   Cast: Sting             |    72 |   126 ||   198
         Mephitic Cloud    |       |     1 ||     1
   Stab: Confused          |       |     1 ||     1
 Armour: Robe              |    28 |    98 ||   126
  Dodge: Dodged            |    32 |    78 ||   110

Table legend: (Time is in decaauts)
 A = Elapsed time spent in this place.
 B = Non-inter-level travel time spent in this place.
 C = Inter-level travel time spent in this place.
 D = Time resting spent in this place.
 E = Time spent auto-exploring this place.
 F = Levels seen in this place.
 G = Mean time per level.
                   A        B        C        D        E       F      G
               +--------+--------+--------+--------+--------+-----+--------+
         Total |   4171 |   4051 |    120 |      0 |   3387 |   4 | 1042.8 |
       Dungeon |   4171 |   4051 |    120 |      0 |   3387 |   4 | 1042.8 |
               +--------+--------+--------+--------+--------+-----+--------+

Top non-repeatable levels by time:
     D:1: 1114 daAuts
     D:4: 1111 daAuts
     D:3: 1047 daAuts
     D:2: 898 daAuts
